Map: Babylon LE

Players

NORTHAMERICA - Winner!

  • Race: Protoss Protoss
  • League: Grandmaster
  • Spawn Location: 5:00

Joliwaloves

  • Race: Protoss Protoss
  • League: Grandmaster
  • Spawn Location: 11:00

VOD

Have the link to the VOD?

Description

Time

  • Played on: April 26, 2023, 3:19 a.m.
  • Length: 10:41
Show
View Real Time Build Order
Export as new Build Order

NORTHAMERICA Protoss - Winner!

Build Orders: 1 Gate Expand, Archon Immortal 

Get SALT Encoding   

  12  0:00  Probe  
  13  0:12  Probe  
  14  0:19  Pylon  
  14  0:24  Probe  
  15  0:37  Probe (Chrono Boost)  
  15  0:38  Gateway  
  16  0:48  Assimilator, Probe (Chrono Boost)  
  17  0:53  Probe (Chrono Boost)  
  18  1:04  Probe  
  19  1:17  Probe  
  20  1:25  Nexus  
  20  1:32  Pylon  
  20  1:42  Cybernetics Core  
  20  1:45  Probe (Chrono Boost)  
  21  1:52  Assimilator  
  21  1:57  Probe (Chrono Boost)  
  22  2:04  Pylon  
  22  2:05  Probe (Chrono Boost)  
  23  2:20  Stalker (Chrono Boost)  
  23  2:22  Probe  
  26  2:23  Warp Gate  
  26  2:33  Gateway  
  26  2:36  Probe (Chrono Boost)  
  27  2:39  Probe (Chrono Boost)  
  27  2:42  Sentry  
  29  2:48  Shield Battery  
  31  2:51  Probe x2 (Chrono Boost)  
  31  2:57  Probe  
  32  2:58  Probe  
  32  3:05  Sentry  
  33  3:09  Probe (Chrono Boost)  
  37  3:16  Probe (Chrono Boost)  
  37  3:19  Probe (Chrono Boost)  
  38  3:20  Stalker  
  38  3:24  Probe x2 (Chrono Boost)  
  42  3:28  Pylon  
  42  3:33  Robotics Facility  
  42  3:34  Probe  
  42  3:36  Probe  
  44  3:42  Pylon  
  44  3:48  Probe (Chrono Boost)  
  46  3:49  Forge  
  46  3:51  Probe (Chrono Boost)  
  46  3:55  Assimilator  
  46  3:58  Probe (Chrono Boost)  
  46  4:01  Probe (Chrono Boost)  
  48  4:03  Probe (Chrono Boost)  
  49  4:12  Stalker x2, Pylon  
  49  4:13  Probe  
  49  4:14  Probe  
  55  4:25  Immortal, Probe  
  55  4:30  Pylon  
  60  4:37  Stalker x2  
  62  4:38  Probe  
  62  4:42  Probe (Chrono Boost)  
  62  4:48  Protoss Ground Weapons Level 1  
  62  4:51  Probe (Chrono Boost)  
  60  4:54  Probe (Chrono Boost)  
  60  4:58  Twilight Council  
  61  5:01  Probe (Chrono Boost)  
  61  5:03  Probe (Chrono Boost)  
  61  5:06  Probe (Chrono Boost)  
  61  5:07  Pylon  
  63  5:08  Probe  
  63  5:09  Observer  
  66  5:17  Probe  
  66  5:21  Probe  
  68  5:23  Nexus  
  68  5:25  Pylon  
  68  5:29  Probe  
  68  5:30  Observer  
  68  5:32  Charge (Chrono Boost)  
  68  5:33  Immortal (Chrono Boost)  
  70  5:40  Gateway, Probe  
  70  5:42  Gateway  
  71  5:45  Shield Battery  
  71  5:46  Probe  
  71  5:49  Sentry  
  74  5:56  Immortal (Chrono Boost)  
  74  6:00  Probe x2  
  80  6:12  Probe  
  80  6:15  Stalker x2  
  80  6:17  Probe  
  82  6:22  Gateway  
  82  6:25  Gateway  
  78  6:29  Gateway  
  78  6:30  Gateway  
  76  6:33  Immortal (Chrono Boost)  
  76  6:37  Probe  
  79  6:42  Protoss Ground Weapons Level 2 (Chrono Boost), Probe  
  79  6:43  Probe  
  81  6:49  Probe  
  81  6:53  Photon Cannon  
  83  6:54  Probe  
  83  7:02  Templar Archives  
  83  7:03  Probe  
  83  7:05  Zealot, Assimilator  
  83  7:06  Zealot  
  83  7:07  Pylon  
  88  7:08  Probe  
  88  7:14  Pylon  
  89  7:15  Zealot x2  
  89  7:21  Shield Battery  
  93  7:23  Zealot x2  
  93  7:29  Zealot x3  
  103  7:30  Zealot  
  105  7:39  High Templar  
  105  7:40  High Templar  
  107  7:44  Archon  
  107  7:46  Warp Prism  
  107  7:48  Zealot x2  
  107  7:49  Zealot x3  
  119  7:58  Pylon  
  117  8:00  Pylon  
  117  8:03  Probe  
  118  8:11  Gateway, High Templar x2  
  118  8:12  Gateway  
  122  8:19  Archon  
  120  8:21  Probe  
  115  8:27  Zealot x4  
  115  8:28  Zealot, Nexus  
  115  8:30  Pylon  
  93  8:44  Zealot x3  
  93  8:50  Zealot x5  
  93  8:53  Immortal  
  107  9:05  High Templar x3  
  107  9:09  Archon  
  113  9:10  High Templar  
  113  9:11  Zealot  
  113  9:12  Zealot x5  
  113  9:16  Archon  
  127  9:18  Photon Cannon  
  111  9:33  Dark Shrine, Zealot x6  
  101  9:48  Zealot x4  
  101  9:50  Probe  
  101  9:52  Probe x2  
  112  9:56  Zealot x2  
  112  9:57  Zealot  
  118  10:02  Probe  
  118  10:06  Stalker x2  
  118  10:07  Stalker  
  125  10:15  Stalker x3  
  125  10:34  Zealot  
  125  10:35  Zealot x6  
Show
View Real Time Build Order
Export as new Build Order

Joliwaloves Protoss 

Build Orders:  

Get SALT Encoding   

  12  0:00  Probe  
  13  0:12  Probe  
  14  0:19  Pylon  
  14  0:24  Probe  
  15  0:37  Probe (Chrono Boost)  
  15  0:38  Gateway  
  16  0:47  Assimilator  
  16  0:48  Probe (Chrono Boost)  
  17  0:52  Probe (Chrono Boost)  
  18  1:03  Probe  
  19  1:04  Pylon  
  19  1:15  Probe  
  20  1:27  Zealot  
  20  1:28  Cybernetics Core, Probe  
  23  1:40  Probe  
  24  1:52  Probe  
  25  2:02  Stalker (Chrono Boost), Warp Gate (Chrono Boost)  
  27  2:13  Nexus  
  27  2:22  Probe  
  28  2:25  Stalker, Assimilator  
  30  2:33  Gateway  
  30  2:46  Gateway  
  30  2:53  Probe  
  30  2:56  Pylon  
  31  3:01  Shield Battery  
  31  3:14  Probe  
  32  3:26  Probe x2 (Chrono Boost)  
  32  3:35  Probe x2 (Chrono Boost)  
  32  3:40  Probe x2 (Chrono Boost)  
  34  3:43  Stalker x3  
  42  3:49  Twilight Council  
  42  3:52  Probe x2  
  44  4:04  Probe x2  
  44  4:08  Adept x2  
  44  4:09  Adept  
  52  4:13  Pylon  
  52  4:16  Probe  
  52  4:17  Probe  
  54  4:18  Blink (Chrono Boost)  
  54  4:31  Probe x2  
  56  4:43  Probe  
  55  4:52  Stalker x3  
  57  4:53  Probe  
  57  4:55  Probe  
  57  4:56  Assimilator  
  59  5:08  Nexus  
  59  5:09  Pylon  
  59  5:15  Stalker  
  59  5:19  Pylon  
  61  5:30  Shield Battery  
  61  5:34  Shield Battery  
  61  5:37  Gateway  
  61  5:39  Stalker  
  61  5:40  Stalker  
  61  5:41  Stalker  
  67  5:43  Probe x2  
  67  5:49  Robotics Facility  
  69  5:55  Gateway, Charge (Chrono Boost), Probe  
  70  5:58  Gateway  
  70  6:06  Pylon  
  70  6:14  Probe  
  70  6:18  Probe  
  64  6:27  Probe  
  64  6:28  Probe  
  64  6:30  Probe  
  67  6:36  Stalker x4  
  67  6:39  Warp Prism, Probe  
  78  6:40  Probe  
  78  6:41  Gateway  
  78  6:45  Gateway  
  77  6:55  Stalker x2  
  81  7:02  Probe x2  
  81  7:04  Stalker x4  
  91  7:10  Pylon  
  91  7:16  Pylon x2  
  91  7:21  Pylon  
  91  7:30  Zealot x5  
  101  7:37  Zealot x2  
  103  7:46  Zealot  
  105  7:53  Zealot  
  105  7:54  Zealot x4  
  115  8:04  Zealot  
  115  8:05  Zealot  
  119  8:07  Pylon  
  119  8:08  Pylon  
  119  8:09  Zealot  
  121  8:14  Zealot x2  
  117  8:31  Zealot x2  
  117  8:32  Zealot x4  
  89  8:49  Zealot x2  
  89  8:52  Zealot x3  
  89  8:53  Zealot x3  
  101  9:00  Pylon  
  101  9:04  Observer  
  101  9:09  Stalker x4  
  110  9:10  Stalker x4  
  110  9:14  Pylon  
  102  9:31  Zealot x4  
  102  9:32  Zealot x4  
  76  9:53  Forge  
  76  9:54  Stalker x8  
  76  9:59  Nexus  
  92  10:22  Zealot  
  92  10:23  Zealot x7  
Tags
 
Add a new tag
Caveats
  • Supply blocks, unpowered buildings, or Contaminate may cause inaccurate times.
  • Supply counts are checked every 10 seconds.